 Dungeon Crawl Stone Soup version 0.22-a0-42-g002c468 (webtiles) character file.

174813 Gorice the Impregnable (level 18, -7/166 HPs)
             Began as a Hill Orc Gladiator on Jan 4, 2018.
             Was a High Priest of Beogh.
             Mangled by a shock serpent (13 damage)
             ... on level 4 of the Snake Pit on Jan 5, 2018.
             The game lasted 02:34:59 (39490 turns).

Gorice the Impregnable (Hill Orc Gladiator)        Turns: 39490, Time: 02:35:00

Health: -7/166     AC: 26    Str: 20    XL:     18   Next: 8%
Magic:  27/27      EV: 12    Int: 10    God:    Beogh [*****.]
Gold:   2536       SH:  0    Dex: 15    Spells: 17/17 levels left

rFire    . . .     SeeInvis .   a - +0 battleaxe (vamp)
rCold    . . .     Gourm    .   (shield currently unavailable)
rNeg     . . .     Faith    .   D - +0 plate armour
rPois    +         Spirit   .   v - +1 helmet
rElec    .         Reflect  .   h - scarf {repulsion}
rCorr    .         Harm     .   M - +0 pair of gloves
MR       +....                  Q - +0 pair of boots
Stlth    ..........             O - amulet of rage
HPRegen  0.37/turn              p - ring of poison resistance
MPRegen  0.20/turn              e - +3 ring of evasion

@: repel missiles
A: walk on water
a: Smiting, Recall Orcish Followers, Give Item to Named Follower, Renounce
Religion, Evoke Berserk Rage


You were on level 4 of the Snake Pit.
You worshipped Beogh.
Beogh was extremely pleased with you.
You were not hungry.

You visited 5 branches of the dungeon, and saw 28 of its levels.

You collected 2788 gold pieces.
You spent 252 gold pieces at shops.

Inventory:

Hand Weapons
 a - a +0 vampiric battleaxe (weapon)
   (You took it off a naga on level 1 of the Snake Pit)
 b - a +3 battleaxe of flaming
   (You took it off an orc knight on level 2 of the Orcish Mines)
 o - a +0 glaive of freezing
   (You took it off a naga on level 4 of the Snake Pit)
 N - the +0 morningstar of Zeracin {elec, Str+3 Stlth+}
   (You took it off a naga on level 1 of the Snake Pit)

   Occasionally, upon striking a foe, it will discharge some electrical energy
   and cause terrible harm.
   It affects your strength (+3).
   It makes you more stealthy.
Missiles
 q - 53 tomahawks (quivered)
 E - 6 poisoned javelins
 Z - 8 throwing nets
Armour
 h - a scarf of repulsion (worn)
   (You found it on level 13 of the Dungeon)
 v - a +1 helmet (worn)
 D - a +0 plate armour (worn)
 M - a +0 pair of gloves (worn)
 Q - a +0 pair of boots (worn)
Jewellery
 c - an uncursed ring of protection from cold
 d - an uncursed ring of fire
 e - a +3 ring of evasion (right hand)
 f - an uncursed ring of protection from fire
 i - an uncursed ring of see invisible
 p - a ring of poison resistance (left hand)
 C - an uncursed ring of resist corrosion
 K - a +3 ring of evasion
 O - an amulet of rage (around neck)
Wands
 u - a wand of flame (15)
 w - a wand of iceblast (8)
 I - a wand of acid (26)
 P - a wand of disintegration (12)
 R - a wand of digging (11)
Scrolls
 l - 10 scrolls of remove curse
 m - a scroll of enchant weapon
 n - 17 scrolls of teleportation {!r}
 y - 6 scrolls of magic mapping {!r}
 A - 3 scrolls of fog
 G - 6 scrolls of blinking
 J - 4 scrolls of identify
Potions
 g - 2 potions of haste {!q}
 j - 2 potions of heal wounds {!q}
 k - 5 potions of curing
 r - 3 potions of might {!q}
 s - a potion of berserk rage
 t - 5 potions of lignification {!q}
 z - 5 potions of agility {!q}
 B - a potion of resistance {!q}
 F - a potion of brilliance {!q}
 H - a potion of invisibility {!q}
Miscellaneous
 L - a lightning rod (4/4) {!a}
Comestibles
 x - 45 rations
 S - 11 chunks of flesh


   Skills:
 - Level 16.0 Fighting
 - Level 20.0 Axes
 - Level 1.7 Throwing
 + Level 21.6 Armour
 - Level 2.4 Dodging
 - Level 12.2 Invocations
 + Level 4.4 Evocations


You had 17 spell levels left.
You didn't know any spells.

Dungeon Overview and Level Annotations

Branches:
Dungeon (15/15)            Temple (1/1) D:6            Lair (6/6) D:10
 Shoals (0/4) Lair:2        Snake (4/4) Lair:2        Slime (0/5) Lair:6
    Orc (2/2) D:12            Elf (0/3) Orc:2        Vaults (0/5) D:13
 Depths (0/5) D:15

Altars:
Ashenzari
Cheibriados
Dithmenos
Elyvilon
Fedhas
Gozag
Hepliaklqana
Kikubaaqudgha
Makhleb
Nemelex Xobeh
Okawaru
Qazlal
Ru
Sif Muna
Trog
Uskayaw
Vehumet
Wu Jian
Xom
Yredelemnul
Zin
The Shining One
Beogh

Shops:
D:11 [   D:14 *   Orc:2 ?(}:[(*!


Message History

Unknown command.
Unknown command.
Unknown command.
You barely miss the shock serpent.
The shock serpent is moderately wounded.
You miss the anaconda. The shock serpent bites you.
* * * LOW HITPOINT WARNING * * *
The shock serpent shocks you!
* * * LOW HITPOINT WARNING * * *
The anaconda barely misses you. The anaconda constricts you.
Gorg hits the anaconda with an uncursed enchanted great sword!!
Damage: 14 (max 15) Unknown command.
Unknown command.
Unknown command.
You slash the shock serpent!
You feel better.
The shock serpent is heavily wounded.
You closely miss the anaconda.
The shock serpent's electric aura discharges, shocking you!
* * * LOW HITPOINT WARNING * * *
The anaconda closely misses you. The anaconda constricts you.
The shock serpent bites you but does no damage.
Unknown command.
Unknown command.
Unknown command.
You slash the shock serpent!
The shock serpent is severely wounded.
You slice the anaconda!!
You kill the anaconda!
Beogh accepts your kill.
The shock serpent's electric aura discharges, shocking you!
The shock serpent shoots out a bolt of lightning at you!
The bolt of electricity hits you!
* * * LOW HITPOINT WARNING * * *
Damage: 20 (max 20) Unknown command.
Unknown command.
Unknown command.
Unknown command.
Unknown command.
Unknown command.
Unknown command.
Unknown command.
Unknown command.
You barely miss the shock serpent.
The shock serpent is severely wounded.
The shock serpent bites you!
* * * LOW HITPOINT WARNING * * *
The shock serpent shocks you!
You die...

...)##..§§≈≈§§§§≈≈.N
...#)##.§§§≈§§§≈≈≈.###########
###'..#...≈§≈§§§≈..#...).....#
≈§#.))##..≈≈≈§≈§..##...#≈....#
≈≈##..[##..oNS...##)..##§§)..#
≈≈≈##...###.SSS###)).##§≈≈..##
.≈≈≈##..)†######.)..##§§≈§§##
..≈≈≈##..)...)((..(##§§§..##
#))≈≈§##.......o@.##§≈≈..##
##))§§≈###.....S###§§≈..##
.##)).≈≈≈########§≈§§..## ####
..##)..§≈§≈≈§≈§≈§§≈...########...
#))##).≈§§§≈§≈≈≈§§≈..###........#
##..#))..§§≈§≈≈§.....##..##...#.#
.)#)#.)....≈§≈≈.§....##.###.....#
.(..#......§≈≈§......#..#####...#
#(..#.......≈≈..)....#.....##...#


You could see a shock serpent and the friendly Gorg the orc warlord.

Vanquished Creatures
  Agnes (D:15)
  A fire giant (D:14)
  7 nagarajas
  The ghost of Cenon the Martial Artist, a journeyman DgTm (D:15)
  An ogre mage (D:13)
  2 vault guards (D:13)
  6 naga warriors
  6 anacondas
  5 hydras
  2 centaur warriors (D:14)
  13 two-headed ogres
  A vampire mage (D:15)
  The ghost of dxctxrx the Archer, a novice GnWn of Wu Jian (D:7)
  14 death yaks
  7 naga sharpshooters
  5 shock serpents
  A fire crab (shapeshifter) (D:14)
  4 salamander mystics
  5 skeletal warriors (D:15)
  3 unseen horrors
  A death drake (shapeshifter) (D:15)
  2 wizards
  2 lindwurms (Snake:4)
  2 naga ritualists (Snake:4)
  2 necromancers
  A wolf spider zombie (D:12)
  8 mana vipers
  6 salamanders
  4 orc knights
  A sphinx zombie (D:15)
  4 oklob plants
  3 cyclopes
  2 ugly things (D:13)
  A stone giant zombie (D:15)
  9 manticores
  7 guardian serpents
  A merfolk siren (Lair:2)
  12 naga magi
  8 elephants
  23 black mambas
  3 spiny frogs
  A gargoyle (D:10)
  A yaktaur (D:15)
  A freezing wraith (D:13)
  6 komodo dragons
  A guardian mummy (D:15)
  A tengu conjurer (D:8)
  2 trolls
  3 merfolk (Lair:2)
  6 hornets
  An ice dragon zombie (D:15)
  9 slime creatures
  4 polar bears
  11 blink frogs
  11 dream sheep
  A fire dragon zombie (D:15)
  5 hippogriffs
  4 wyverns
  4 wraiths
  31 yaks
  14 spriggans (Lair:6)
  2 basilisks
  14 humans
  4 hogs
  2 hungry ghosts
  7 wargs
  23 nagas
  An acid dragon (D:13)
  A porcupine (Lair:4)
  14 water moccasins
  3 sky beasts
  2 ice beasts
  An eye of draining (D:11)
  8 orc warriors
  4 black bears
  3 necrophages
  7 ogres
  A phantom (D:11)
  5 boggarts
  A centaur (D:7)
  17 wolves
  4 crocodiles
  3 big kobolds
  7 bullfrogs
  4 scorpions
  6 killer bees (D:7)
  14 wights
  4 howler monkeys
  9 crimson imps
  2 bullfrog zombies
  A centaur zombie (D:5)
  A quasit (D:7)
  11 jellies
  6 orc priests
  5 centaur skeletons
  10 hounds
  5 orc wizards
  3 bullfrog skeletons
  2 iguanas
  17 worker ants
  3 hound skeletons
  A howler monkey skeleton (D:6)
  7 gnolls
  20 adders
  2 shadow imps
  4 oozes
  An adder zombie (D:9)
  2 worms
  2 dart slugs
  8 leopard geckos
  28 orcs
  12 ball pythons
  7 giant cockroaches
  14 hobgoblins
  21 jackals
  2 quokkas (D:7)
  5 bats
  8 frilled lizards
  4 goblins
  18 kobolds
  A leopard gecko skeleton (D:9)
  A quokka skeleton (D:6)
  A quokka zombie (D:5)
  4 rats
  A bush (D:10)
  A butterfly (D:6)
  5 plants
722 creatures vanquished.

Vanquished Creatures (collateral kills)
  Gastronok (Lair:2)
  Donald (Orc:2)
  6 nagarajas
  Aizul (Snake:3)
  2 orc warlords
  A stone giant (Orc:2)
  Nessos (Orc:2)
  Josephine (D:13)
  Harold (Lair:1)
  2 hydras
  13 naga warriors
  8 anacondas
  A death yak (Lair:4)
  4 shock serpents
  4 naga sharpshooters
  2 sea snakes (Snake:2)
  A salamander mystic (Snake:4)
  A wizard (D:13)
  5 naga ritualists
  A lindwurm (Snake:4)
  A harpy (D:14)
  A necromancer (D:13)
  3 mana vipers
  6 salamanders
  3 orc knights (Orc:2)
  2 orc sorcerers
  A manticore (D:15)
  4 elephants (Lair:6)
  5 guardian serpents
  16 black mambas
  9 naga magi
  6 spiny frogs
  3 komodo dragons
  2 trolls (Orc:2)
  2 polar bears (Lair:6)
  3 hippogriffs
  5 blink frogs
  3 dream sheep
  3 yaks
  A wraith (D:12)
  A basilisk (D:15)
  6 humans (D:13)
  3 wargs (Orc:2)
  27 nagas
  An acid dragon (D:15)
  2 water moccasins (Snake:4)
  An ice beast (D:8)
  10 orc warriors
  3 wolves
  3 ogres
  A crocodile (Lair:4)
  4 bullfrogs
  An oklob sapling (D:13)
  2 electric eels (Snake:2)
  2 wights
  5 orc priests
  6 orc wizards
  2 jellies (Lair:6)
  2 adders
  An adder skeleton (D:10)
  12 orcs
  A kobold (D:13)
  6 bushes (D:10)
  5 fungi
  13 plants
256 creatures vanquished.

Vanquished Creatures (others)
  2 orc warlords (Snake:4)
  12 orc knights
  An anaconda (Snake:1)
  2 orc sorcerers
  A salamander mystic (Snake:4)
  34 orc warriors
  17 orc priests
  A naga (Snake:1)
  25 orc wizards
  61 orcs
  2 bushes (D:10)
  7 fungi (Lair:5)
  6 plants
  6 withered plants (D:15)
177 creatures vanquished.

Grand Total: 1155 creatures vanquished

Notes
Turn   | Place    | Note
-------+----------+-------------------------------------------
     0 | D:1      | Gorice the Hill Orc Gladiator began the quest for the Orb.
     0 | D:1      | Reached XP level 1. HP: 18/18 MP: 1/1
   145 | D:1      | Reached XP level 2. HP: 22/25 MP: 2/2
   232 | D:1      | Reached skill level 1 in Armour
   671 | D:2      | Reached skill level 5 in Axes
   686 | D:2      | Reached XP level 3. HP: 28/30 MP: 3/3
   756 | D:2      | Found a basalt altar of Yredelemnul.
  1066 | D:2      | Noticed Sigmund
  1174 | D:2      | Found a glowing golden altar of the Shining One.
  1581 | D:2      | Reached skill level 2 in Armour
  1581 | D:2      | Reached XP level 4. HP: 37/37 MP: 4/4
  1901 | D:3      | Reached skill level 6 in Axes
  2022 | D:3      | Found a sacrificial altar of Ru.
  2119 | D:3      | Noticed a big kobold
  2152 | D:3      | Killed a big kobold
  2152 | D:3      | Reached XP level 5. HP: 15/42 MP: 5/5
  2404 | D:3      | Became a worshipper of Beogh the Brigand
  2422 | D:3      | Reached skill level 3 in Armour
  2617 | D:2      | Reached skill level 7 in Axes
  3185 | D:3      | HP: 11/42 [adder (2)]
  3187 | D:3      | HP: 4/42 [poisoned by an adder]
  3188 | D:3      | Reached XP level 6. HP: 5/50 MP: 6/6
  3536 | D:4      | Reached skill level 8 in Axes
  3716 | D:4      | Reached skill level 4 in Armour
  3716 | D:4      | Reached XP level 7. HP: 56/56 MP: 7/7
  3845 | D:4      | Reached * piety under Beogh
  3911 | D:4      | Reached skill level 9 in Axes
  3936 | D:4      | Found a glowing silver altar of Zin.
  4371 | D:5      | Entered Level 5 of the Dungeon
  4622 | D:5      | Reached skill level 5 in Armour
  4654 | D:5      | Found a shadowy altar of Dithmenos.
  4892 | D:5      | Reached skill level 10 in Axes
  4954 | D:5      | Got a polished war axe
  4955 | D:5      | Identified the +8 war axe "Nuunebiwn" {chop, Int+4} (You found it on level 5 of the Dungeon)
  4987 | D:5      | Reached XP level 8. HP: 62/62 MP: 8/8
  5360 | D:2      | Noticed Sigmund
  5360 | D:2      | Sigmund changed into Sigmund the adder
  5365 | D:2      | Killed Sigmund the adder
  5739 | D:6      | Found a staircase to the Ecumenical Temple.
  5853 | D:6      | Reached skill level 11 in Axes
  5853 | D:6      | Reached skill level 6 in Armour
  5907 | Temple   | Entered the Ecumenical Temple
  5988 | D:6      | Reached ** piety under Beogh
  6056 | D:6      | Found a snail-covered altar of Cheibriados.
  6265 | D:7      | Noticed dxctxrx's ghost (novice GnWn)
  6372 | D:7      | Reached skill level 12 in Axes
  6381 | D:7      | Reached XP level 9. HP: 65/68 MP: 9/9
  6387 | D:7      | Reached skill level 7 in Armour
  6465 | D:7      | Killed dxctxrx's ghost
  6465 | D:7      | Reached skill level 13 in Axes
  6713 | D:7      | Reached skill level 8 in Armour
  6910 | D:7      | Noticed a hornet
  6923 | D:7      | Paralysed by a hornet for 2 turns
  6927 | D:7      | Killed a hornet
  6927 | D:7      | Reached skill level 14 in Axes
  7348 | D:5      | Reached XP level 10. HP: 64/74 MP: 10/10
  7485 | D:7      | Reached skill level 9 in Armour
  7826 | D:8      | Found a stormy altar of Qazlal.
  7847 | D:7      | Reached *** piety under Beogh
  7958 | D:7      | Reached skill level 15 in Axes
  8234 | D:8      | Found an ancient bone altar of Kikubaaqudgha.
  8258 | D:8      | Found a hazy altar of Hepliaklqana.
  8597 | D:8      | Found an iron altar of Okawaru.
  8927 | D:9      | Found a shattered altar of Ashenzari.
  8984 | D:9      | Noticed a two-headed ogre
  9234 | D:9      | Reached **** piety under Beogh
  9234 | D:9      | Reached skill level 10 in Armour
  9253 | D:9      | Reached skill level 16 in Axes
  9560 | D:9      | Killed a two-headed ogre
  9587 | D:9      | Reached XP level 11. HP: 74/80 MP: 11/11
  9609 | D:10     | Entered Level 10 of the Dungeon
  9827 | D:10     | Reached skill level 11 in Armour
 10086 | D:10     | Killed an unseen horror
 10086 | D:10     | Reached skill level 2 in Invocations
 10219 | D:10     | Noticed an oklob plant
 10275 | D:10     | Reached skill level 3 in Invocations
 10576 | D:10     | Reached skill level 4 in Invocations
 10722 | D:10     | Found a staircase to the Lair.
 10729 | D:10     | Noticed an oklob plant
 11006 | D:10     | Killed an oklob plant
 11006 | D:10     | Reached skill level 5 in Invocations
 11151 | D:10     | Killed an oklob plant
 11179 | Lair:1   | Entered Level 1 of the Lair of Beasts
 11285 | Lair:1   | Reached skill level 12 in Armour
 11298 | Lair:1   | Reached skill level 6 in Invocations
 11306 | Lair:1   | Noticed Harold
 11320 | Lair:1   | Killed Harold
 11916 | Lair:1   | Reached skill level 7 in Invocations
 11920 | Lair:1   | Gained Orkwin as an ally
 12060 | Lair:2   | Reached ***** piety under Beogh
 12163 | Lair:2   | Reached XP level 12. HP: 78/88 MP: 17/17
 12249 | Lair:2   | Reached skill level 8 in Invocations
 12308 | Lair:2   | Noticed Gastronok
 12325 | Lair:2   | Killed Gastronok
 12325 | Lair:2   | Reached skill level 13 in Armour
 12325 | Lair:2   | Reached skill level 9 in Invocations
 12488 | Lair:2   | Found a staircase to the Shoals.
 12573 | Lair:2   | Found a staircase to the Snake Pit.
 12689 | Lair:2   | Reached skill level 10 in Invocations
 12856 | Lair:2   | Noticed an eight-headed hydra
 12865 | Lair:2   | Killed an eight-headed hydra
 13929 | Lair:4   | Reached skill level 11 in Invocations
 13959 | Lair:4   | Reached skill level 14 in Armour
 14180 | Lair:4   | Noticed an eight-headed hydra
 14189 | Lair:4   | Killed a nine-headed hydra
 14442 | Lair:4   | Noticed a death yak
 14442 | Lair:4   | Noticed a death yak
 14443 | Lair:4   | Noticed a death yak
 14443 | Lair:4   | Noticed a death yak
 14445 | Lair:4   | Noticed a death yak
 14453 | Lair:4   | Noticed a death yak
 14461 | Lair:4   | Your ally Orkwin died
 14490 | Lair:4   | HP: 17/88 [death yak (18)]
 14521 | Lair:3   | HP: 21/88 [death yak (4)]
 14811 | Lair:3   | HP: 24/88 [death yak (14)]
 14817 | Lair:3   | Killed a death yak
 15156 | Lair:3   | Killed a death yak
 15164 | Lair:3   | Killed a death yak
 15164 | Lair:3   | Reached XP level 13. HP: 64/93 MP: 21/21
 15386 | Lair:4   | Reached skill level 12 in Invocations
 15728 | Lair:5   | Reached skill level 15 in Armour
 15880 | Lair:5   | Reached skill level 3 in Fighting
 15995 | Lair:5   | HP: 27/95 [poisoned by a black mamba]
 16000 | Lair:5   | HP: 20/95 [poisoned by a black mamba]
 16005 | Lair:5   | HP: 17/95 [poisoned by a black mamba]
 16010 | Lair:5   | HP: 14/95 [poisoned by a black mamba]
 16015 | Lair:5   | HP: 12/95 [poisoned by a black mamba]
 16020 | Lair:5   | HP: 11/95 [poisoned by a black mamba]
 16027 | Lair:5   | HP: 11/95 [poisoned by a black mamba]
 16034 | Lair:4   | HP: 11/95 [poisoned by a black mamba]
 16398 | Lair:5   | Gained Borgun as an ally
 16445 | Lair:4   | Reached skill level 4 in Fighting
 16829 | Lair:4   | HP: 22/99 [death yak (11)]
 16832 | Lair:4   | Reached skill level 5 in Fighting
 17196 | Lair:5   | Your ally Borgun died
 17221 | Lair:4   | HP: 29/100 [death yak (14)]
 17888 | Lair:4   | Reached skill level 16 in Armour
 17997 | Lair:5   | Reached skill level 6 in Fighting
 18520 | Lair:6   | Entered Level 6 of the Lair of Beasts
 18665 | Lair:5   | Gained Marbaugh as an ally
 18853 | Lair:6   | Found a staircase to the Slime Pits.
 18860 | Lair:6   | Reached skill level 7 in Fighting
 18887 | Lair:6   | Reached XP level 14. HP: 57/113 MP: 23/23
 19088 | Lair:6   | Reached skill level 17 in Armour
 19101 | Lair:6   | HP: 32/114 [dream sheep (18)]
 19126 | Lair:6   | Your ally Marbaugh died
 19142 | Lair:6   | HP: 32/114 [six-headed hydra (5)]
 19142 | Lair:6   | HP: 15/114 [six-headed hydra (12)]
 19147 | Lair:6   | Reached skill level 8 in Fighting
 20412 | Lair:6   | Reached ****** piety under Beogh
 20809 | Lair:6   | Paralysed by a hornet for 1 turns
 21035 | Lair:6   | Reached skill level 9 in Fighting
 21056 | Lair:6   | Paralysed by a hornet for 2 turns
 21798 | D:11     | Found Hagirig's Armour Boutique.
 21881 | D:11     | Gained Thorok as an ally
 21881 | D:11     | Reached skill level 18 in Armour
 22510 | D:12     | Found a staircase to the Orcish Mines.
 22519 | D:12     | Gained Worak as an ally
 23024 | Orc:1    | Entered Level 1 of the Orcish Mines
 23132 | Orc:1    | Gained Norbak as an ally
 23136 | Orc:1    | Your ally Norbak died
 23138 | Orc:1    | Noticed an orc warlord
 23158 | Orc:1    | Killed an orc warlord
 23393 | Orc:2    | Entered Level 2 of the Orcish Mines
 23401 | Orc:2    | Noticed an orc warlord
 23411 | Orc:2    | Killed an orc warlord
 23411 | Orc:2    | Reached skill level 10 in Fighting
 23474 | Orc:2    | Found Ujikeg's Book Shop.
 23505 | Orc:2    | Found Ovaucis's Gadget Shoppe.
 23572 | Orc:2    | Noticed Nessos
 23577 | Orc:2    | Noticed Donald
 23578 | Orc:2    | Killed Nessos
 23587 | Orc:2    | Killed Donald
 23587 | Orc:2    | Gained Orik as an ally
 23966 | Orc:2    | Found Luill's Magic Scroll Shoppe.
 24165 | Orc:2    | Found Quufixko's Weapon Boutique.
 24171 | Orc:2    | Reached XP level 15. HP: 125/128 MP: 24/24
 24259 | Orc:2    | Found a roughly hewn altar of Beogh.
 24270 | Orc:2    | Found Cosoetui's Armour Shoppe.
 24270 | Orc:2    | Found Ruqiraetz's Antique Weapon Boutique.
 24327 | Orc:2    | Gained Gorg as an ally
 24344 | Orc:2    | Found Onaipn's Assorted Antiques.
 24401 | Orc:2    | Found a staircase to the Elven Halls.
 24607 | Orc:2    | Found Kopralue's Distillery.
 24615 | Orc:2    | Bought a potion of haste for 140 gold pieces
 24615 | Orc:2    | Bought a potion of mutation for 112 gold pieces
 25402 | D:13     | Reached skill level 11 in Fighting
 25402 | D:13     | Reached skill level 17 in Axes
 25402 | D:13     | Reached skill level 19 in Armour
 26339 | D:13     | Gained Hilgar as an ally
 26578 | D:13     | Found a gate to the Vaults.
 26581 | D:13     | Gained Bogric as an ally
 26695 | D:13     | Noticed Josephine
 26699 | D:13     | Killed Josephine
 26943 | D:13     | Identified the Incunabulum of Shifting Envenoming
 26990 | D:13     | Your ally Bogric died
 27208 | D:14     | Found an opulent altar of Gozag.
 27574 | D:14     | Reached skill level 12 in Fighting
 27618 | D:14     | Found Gozag's Platinum Reserve.
 27760 | D:14     | Found a portal to a secret trove of treasure.
 27859 | D:14     | Paralysed by a hornet for 2 turns
 28184 | D:14     | Found a large runed door.
 28185 | D:14     | Found a large runed door.
 28205 | D:14     | Found a bloodstained altar of Trog.
 28205 | D:14     | Noticed a fire giant
 28227 | D:14     | Killed a fire giant
 28439 | D:14     | Found a stormy altar of Qazlal.
 28466 | D:15     | Entered Level 15 of the Dungeon
 28573 | D:15     | Noticed Agnes
 28580 | D:15     | HP: 36/134 [Agnes/lajatang of electrocution (13)]
 28582 | D:15     | Killed Agnes
 28582 | D:15     | Reached skill level 18 in Axes
 29177 | D:15     | Noticed Cenon's ghost (journeyman DgTm)
 29215 | D:15     | Killed Cenon's ghost
 29215 | D:15     | Reached XP level 16. HP: 89/141 MP: 25/25
 29898 | D:15     | HP: 39/137 [poisoned by a death drake (dark miasma)]
 30335 | D:15     | Reached skill level 13 in Fighting
 30379 | D:15     | Found a staircase to the Depths.
 30435 | D:15     | Got an ancient iron ring
 30452 | D:15     | Identified the ring of Huorof {*Corrode +Blink rElec MR+ MP+9} (You found it on level 15 of the Dungeon)
 31516 | Snake:1  | Entered Level 1 of the Snake Pit
 31516 | Snake:1  | Noticed a nagaraja
 31516 | Snake:1  | Noticed a nagaraja
 31523 | Snake:1  | HP: 42/144 [naga sharpshooter/arrow (13)]
 31528 | Lair:2   | HP: 22/144 [poisoned by a guardian serpent (bolt of poison)]
 31534 | Lair:2   | HP: 20/144 [poisoned by a guardian serpent (bolt of poison)]
 31541 | Lair:2   | HP: 19/144 [poisoned by a guardian serpent (bolt of poison)]
 31548 | Lair:2   | HP: 19/144 [poisoned by a guardian serpent (bolt of poison)]
 31556 | Lair:2   | HP: 20/144 [poisoned by a guardian serpent (bolt of poison)]
 32031 | Snake:1  | Killed a nagaraja
 32031 | Snake:1  | Reached skill level 20 in Armour
 32031 | Snake:1  | Your ally Hilgar died
 32032 | Snake:1  | HP: 37/144 [salamander mystic/dagger (11)]
 32447 | Snake:1  | Your ally Thorok died
 32454 | Snake:1  | Killed a nagaraja
 32833 | Snake:1  | Upgraded the game from 0.22-a0-40-g3d2f077 to 0.22-a0-42-g002c468
 32898 | Snake:1  | Gained Hawl as an ally
 32950 | Snake:1  | Noticed a nagaraja
 32958 | Snake:1  | Noticed a nagaraja
 32977 | Snake:1  | Killed a nagaraja
 32981 | Snake:1  | Killed a nagaraja
 32981 | Snake:1  | Reached skill level 19 in Axes
 32988 | Snake:1  | Got a bloodstained morningstar {elec}
 33008 | Snake:1  | HP: 38/145 [something (12)]
 33537 | Snake:1  | Reached skill level 14 in Fighting
 33838 | Snake:2  | Noticed a nagaraja
 33838 | Snake:2  | Gained Bogric as an ally
 33845 | Snake:2  | Your ally Bogric died
 33860 | Snake:2  | Killed a nagaraja
 33866 | Snake:2  | Your ally Orik died
 34670 | Snake:2  | Reached XP level 17. HP: 154/154 MP: 26/26
 35434 | Snake:3  | Noticed Aizul
 35448 | Snake:3  | Killed Aizul
 35452 | Snake:3  | HP: 39/154 [nagaraja/club (15)]
 35457 | Snake:3  | HP: 33/154 [poisoned by a naga mage (poison arrow)]
 35462 | Snake:3  | HP: 26/154 [poisoned by a naga mage (poison arrow)]
 35467 | Snake:3  | HP: 23/154 [poisoned by a naga mage (poison arrow)]
 35472 | Snake:3  | HP: 21/154 [poisoned by a naga mage (poison arrow)]
 35477 | Snake:3  | HP: 20/154 [poisoned by a naga mage (poison arrow)]
 35489 | Snake:3  | HP: 23/154 [naga warrior/trident (9)]
 36040 | Snake:3  | Reached skill level 15 in Fighting
 36832 | Snake:4  | Entered Level 4 of the Snake Pit
 37030 | Snake:4  | Reached skill level 20 in Axes
 37103 | Snake:4  | Your ally Worak died
 37126 | Snake:4  | Your ally Hawl died
 37441 | Snake:4  | Reached skill level 21 in Armour
 38054 | Snake:4  | Identified the +0 morningstar of Zeracin {elec, Str+3 Stlth+} (You took it off a naga on level 1 of the Snake Pit)
 38477 | Snake:4  | Reached skill level 16 in Fighting
 38665 | Snake:4  | Reached skill level 1 in Evocations
 38945 | Snake:4  | Reached skill level 2 in Evocations
 39148 | Snake:4  | Reached skill level 3 in Evocations
 39322 | Snake:4  | HP: 45/158 [anaconda (3)]
 39322 | Snake:4  | HP: 18/158 [anaconda (10)]
 39324 | Snake:4  | HP: 3/158 [anaconda (10)]
 39329 | Snake:4  | HP: 21/158 [anaconda (1)]
 39334 | Snake:4  | HP: 21/158 [anaconda (1)]
 39334 | Snake:4  | Your ally Gorg died
 39335 | Snake:4  | Reached XP level 18. HP: 30/166 MP: 18/27
 39355 | Snake:4  | HP: 32/166 [anaconda (3)]
 39359 | Snake:4  | Reached skill level 4 in Evocations
 39362 | Snake:4  | HP: 32/166 [shock serpent/electric aura (9)]
 39365 | Snake:4  | HP: 15/166 [shock serpent/bolt of electricity (13)]
 39370 | Snake:4  | HP: 48/166 [anaconda (1)]
 39485 | Snake:4  | HP: 49/166 [anaconda (1)]
 39489 | Snake:4  | HP: 15/166 [shock serpent/bolt of electricity (20)]
 39490 | Snake:4  | HP: 6/166 [shock serpent (9)]
 39490 | Snake:4  | Mangled by a shock serpent

Vault maps used:
D:1:      minmay_arrival_open_corners, nrook_uturn
D:2:      lemuel_round_altar, nrook_mini_backslash, tso_metal_star, uniq_sigmund
D:3:      cheibrodos_thug_alley, nicolae_ru_awakened_eye, first_ration,
          dk_noncrumbling_3
D:4:      zin_statuary
D:5:      serial_corexii_hall, corexii_hall_statues_l, corexii_hall_statues_t,
          corexii_hall_statues_l, corexii_hall_statues_l,
          corexii_hall_statues_u, corexii_hall_statues_u, grunt_ministairs_5,
          nicolae_dithmenos_through_a_glass_darkly
D:6:      minmay_temple_entry_butterflies, cheibrodos_worm_habitat
D:7:      serial_co_window_serial, co_window_of_opportunity_a,
          co_window_paths_b, co_window_corner_a, co_window_of_opportunity_a,
          co_window_paths_a, co_window_broadway_a, co_window_cross_3,
          co_window_of_opportunity_b, co_window_corner_b, glass_columns_a,
          glass_columns_b, grunt_livestock, kennysheep_doodads
D:8:      okawaru_altar_gauntlet_db, kiku_gazebo_garden_becter,
          nicolae_overflow_hidden_temple, lemuel_doored_altar
D:9:      nicolae_ashenzari_panopticon
D:10:     dpeg_oklobed_lair, minmay_hedge_maze
D:11:     serial_shops, shop_fountains
D:12:     david_orc_1_choice, roderic_serpentine_path
D:13:     kennysheep_blocky_room, grunt_vaults_entry_tiered,
          introduction_to_nature_1, uniq_josephine
D:14:     nicolae_gozag_zags_fifth_avenue, nicolae_trove_entry_columns,
          jmf_multi_god_temple2
D:15:     gammafunk_depths_entry_grave, glass_columns_a, spider_trap, uniq_agnes
Temple:   cyrus_circular_temple
Lair:1:   uniq_harold
Lair:2:   elwin_shoals_entry_stream, minmay_snake_entry_six_corridors,
          serial_bayou_shore_b, minmay_lair_oklob_chamber, grunt_megastairs_5,
          uniq_gastronok
Lair:3:   lemuel_fruit_tree
Lair:6:   minmay_lair_end_enchanted_forest, minmay_slime_entry_jelly_boxes
Snake:1:  nicolae_snake_hallway, grunt_ministairs_10, evilmike_ambush
Snake:2:  nicolae_coiled_stairwell_down, serial_bayou_shore_a
Snake:3:  uniq_aizul
Snake:4:  snake_pit_salamanders_mu, hangedman_snake_corridor_cut
Orc:2:    st_orc_town, serial_shops, shop, shop, shop, shop, uniq_donald,
          uniq_nessos

Skill      XL: |  1  2  3  4  5  6  7  8  9 10 11 12 13 14 15 16 17 18 |
---------------+-------------------------------------------------------+-----
Armour         | 1 2 3 4 5 6 8 10 12 14 16 18 19 20 21 | 21.6
Axes           | 5 6 7 8 10 12 14 16 18 19 20 | 20.0
Invocations    | 7 11 12 | 12.2
Fighting       | 7 10 12 14 16 | 16.0
Evocations     | 3 4 |  4.4
Throwing       | |  1.7
Dodging        | |  2.4

Action                   |  1- 3 |  4- 6 |  7- 9 | 10-12 | 13-15 | 16-18 || total
-------------------------+-------+-------+-------+-------+-------+-------++-------
Melee: War axe           |   166 |   215 |   267 |   503 |  1065 |    40 ||  2256
       Dire flail        |       |       |       |     5 |    27 |       ||    32
       Battleaxe         |       |       |       |       |       |   874 ||   874
 Fire: Blowgun           |       |     9 |     8 |       |     4 |       ||    21
Throw: Throwing net      |       |     2 |       |       |       |       ||     2
       Tomahawk          |       |     1 |    21 |    25 |     2 |     3 ||    52
Invok: Convert to Beogh  |       |     1 |       |       |       |       ||     1
       Smiting           |       |       |       |     1 |     7 |    10 ||    18
       Recall Orcish Fol |       |       |       |       |     1 |     6 ||     7
       Give Item to Name |       |       |       |       |       |     1 ||     1
       Resurrection      |       |       |       |       |       |     1 ||     1
Evoke: Wand              |       |       |     4 |     5 |     5 |     3 ||    17
  Use: Scroll            |     7 |     3 |     6 |     5 |    10 |     6 ||    37
       Potion            |       |     1 |     1 |       |     1 |     6 ||     9
 Stab: Distracted        |       |       |       |     2 |     7 |    10 ||    19
       Confused          |       |       |       |       |     1 |       ||     1
  Eat: Chunk             |     2 |     8 |    10 |    22 |    32 |    19 ||    93
       Ration            |       |       |     1 |     1 |     3 |     6 ||    11
Armor: Leather armour    |    94 |    53 |       |       |       |       ||   147
       Ring mail         |       |    16 |     2 |       |       |       ||    18
       Chain mail        |       |       |   131 |   227 |   256 |       ||   614
       Plate armour      |       |       |       |       |   255 |   524 ||   779
Dodge: Dodged            |   169 |   140 |    98 |   228 |   507 |   468 ||  1610
       Deflected         |       |       |       |       |       |    74 ||    74

Table legend:
 A = Spawn XP
 B = Non-spawn XP
 C = Spawn XP percentage of total XP
 D = Spawn monster count
 E = Non-spawn monster count
 F = Spawn count percentage of total count
 G = Total turns spent on level
                    A         B        C        D         E        F      G
               +---------+---------+-------+---------+---------+-------+---------
         Total |       0 |  249734 |   0.0 |       0 |     950 |   0.0 | 39490
               +---------+---------+-------+---------+---------+-------+---------
           D:1 |       0 |      23 |   0.0 |       0 |      13 |   0.0 |   685
           D:2 |       0 |      88 |   0.0 |       0 |      30 |   0.0 |  1584
           D:3 |       0 |     228 |   0.0 |       0 |      34 |   0.0 |  1476
           D:4 |       0 |     611 |   0.0 |       0 |      23 |   0.0 |   957
           D:5 |       0 |     673 |   0.0 |       0 |      12 |   0.0 |  1096
           D:6 |       0 |    1157 |   0.0 |       0 |      27 |   0.0 |   874
           D:7 |       0 |    3244 |   0.0 |       0 |      44 |   0.0 |  1319
           D:8 |       0 |     885 |   0.0 |       0 |      20 |   0.0 |   633
           D:9 |       0 |    3147 |   0.0 |       0 |      25 |   0.0 |  1107
          D:10 |       0 |    4991 |   0.0 |       0 |      32 |   0.0 |  1466
          D:11 |       0 |    1828 |   0.0 |       0 |      18 |   0.0 |   858
          D:12 |       0 |    8162 |   0.0 |       0 |      30 |   0.0 |  1088
          D:13 |       0 |   18624 |   0.0 |       0 |      76 |   0.0 |  2144
          D:14 |       0 |   12162 |   0.0 |       0 |      27 |   0.0 |  1297
          D:15 |       0 |   19604 |   0.0 |       0 |      36 |   0.0 |  2596
        Lair:1 |       0 |    2308 |   0.0 |       0 |      11 |   0.0 |  1120
        Lair:2 |       0 |   10287 |   0.0 |       0 |      36 |   0.0 |  2658
        Lair:3 |       0 |    3592 |   0.0 |       0 |       7 |   0.0 |  1335
        Lair:4 |       0 |   11978 |   0.0 |       0 |      28 |   0.0 |  2614
        Lair:5 |       0 |   11453 |   0.0 |       0 |      28 |   0.0 |  1985
        Lair:6 |       0 |   19065 |   0.0 |       0 |      94 |   0.0 |  1993
       Snake:1 |       0 |   23964 |   0.0 |       0 |      58 |   0.0 |  1229
       Snake:2 |       0 |   12692 |   0.0 |       0 |      31 |   0.0 |  1119
       Snake:3 |       0 |   19543 |   0.0 |       0 |      49 |   0.0 |  1742
       Snake:4 |       0 |   48612 |   0.0 |       0 |      91 |   0.0 |  2603
         Orc:1 |       0 |    2209 |   0.0 |       0 |      16 |   0.0 |   529
         Orc:2 |       0 |    8604 |   0.0 |       0 |      54 |   0.0 |  1319
               +---------+---------+-------+---------+---------+-------+---------

Table legend:
 A = Turns spent in this place as a percentage of turns spent in the entire game.
 B = Non-inter-level travel turns spent in this place as a percentage of non-inter-level travel turns spent in the entire game.
 C = Inter-level travel turns spent in this place as a percentage of turns spent in this place.
 D = Turns resting spent in this place as a percentage of non-inter-level travel turns spent in this place.
 E = Turns spent auto-exploring this place as a percentage of non-inter-level travel turns spent in this place.
 F = Non-inter-level travel turns spent in this place divided by the number of levels of this place that you've seen.
                   A       B       C       D       E      F
               +-------+-------+-------+-------+-------+----------------------
         Total | 100.0 | 100.0 |   5.0 |  35.6 |  33.8 | 1340.5
       Dungeon |  48.6 |  48.6 |   4.9 |  31.9 |  35.5 | 1215.7
        Temple |   0.2 |   0.1 |  12.5 |   0.0 |  96.4 |  56.0
          Lair |  29.6 |  29.4 |   5.6 |  45.0 |  30.6 | 1841.7
     Snake Pit |  16.9 |  17.2 |   3.4 |  34.7 |  32.2 | 1616.8
  Orcish Mines |   4.7 |   4.6 |   6.7 |  19.2 |  41.4 | 862.5
               +-------+-------+-------+-------+-------+----------------------

Vault maps used:
D:1:      minmay_arrival_open_corners, nrook_uturn
D:2:      lemuel_round_altar, nrook_mini_backslash, tso_metal_star, uniq_sigmund
D:3:      cheibrodos_thug_alley, nicolae_ru_awakened_eye, first_ration,
          dk_noncrumbling_3
D:4:      zin_statuary
D:5:      serial_corexii_hall, corexii_hall_statues_l, corexii_hall_statues_t,
          corexii_hall_statues_l, corexii_hall_statues_l,
          corexii_hall_statues_u, corexii_hall_statues_u, grunt_ministairs_5,
          nicolae_dithmenos_through_a_glass_darkly
D:6:      minmay_temple_entry_butterflies, cheibrodos_worm_habitat
D:7:      serial_co_window_serial, co_window_of_opportunity_a,
          co_window_paths_b, co_window_corner_a, co_window_of_opportunity_a,
          co_window_paths_a, co_window_broadway_a, co_window_cross_3,
          co_window_of_opportunity_b, co_window_corner_b, glass_columns_a,
          glass_columns_b, grunt_livestock, kennysheep_doodads
D:8:      okawaru_altar_gauntlet_db, kiku_gazebo_garden_becter,
          nicolae_overflow_hidden_temple, lemuel_doored_altar
D:9:      nicolae_ashenzari_panopticon
D:10:     dpeg_oklobed_lair, minmay_hedge_maze
D:11:     serial_shops, shop_fountains
D:12:     david_orc_1_choice, roderic_serpentine_path
D:13:     kennysheep_blocky_room, grunt_vaults_entry_tiered,
          introduction_to_nature_1, uniq_josephine
D:14:     nicolae_gozag_zags_fifth_avenue, nicolae_trove_entry_columns,
          jmf_multi_god_temple2
D:15:     gammafunk_depths_entry_grave, glass_columns_a, spider_trap, uniq_agnes
Temple:   cyrus_circular_temple
Lair:1:   uniq_harold
Lair:2:   elwin_shoals_entry_stream, minmay_snake_entry_six_corridors,
          serial_bayou_shore_b, minmay_lair_oklob_chamber, grunt_megastairs_5,
          uniq_gastronok
Lair:3:   lemuel_fruit_tree
Lair:6:   minmay_lair_end_enchanted_forest, minmay_slime_entry_jelly_boxes
Snake:1:  nicolae_snake_hallway, grunt_ministairs_10, evilmike_ambush
Snake:2:  nicolae_coiled_stairwell_down, serial_bayou_shore_a
Snake:3:  uniq_aizul
Snake:4:  snake_pit_salamanders_mu, hangedman_snake_corridor_cut
Orc:2:    st_orc_town, serial_shops, shop, shop, shop, shop, uniq_donald,
          uniq_nessos
